 Dungeon Crawl Stone Soup version 0.30-a0-830-gfe289a77b0 (webtiles) character file.

Game seed: 9248968253546592413

584 cheesebisquit the Digger (level 7, -6/39 HPs)
             Began as a Gargoyle Earth Elementalist on Feb 28, 2023.
             Mangled by an ogre
             ... wielding a +0 giant club
              (17 damage)
             ... on level 4 of the Dungeon.
             The game lasted 00:13:59 (4480 turns).

cheesebisquit the Digger (GrEE)                     Turns: 4480, Time: 00:14:00

Health: -6/39      AC:  7    Str: 14    XL:     7   Next: 37%
Magic:  3/13       EV: 11    Int: 18    God:
Gold:   174        SH:  0    Dex: 10    Spells: 10/14 levels left

rFire   . . .      SeeInvis .    q - +9 dagger "Roczeo" {flame, +Blink Str+3}
rCold   . . .      Faith    .    (no shield)
rNeg    + . .      Spirit   .    a - +0 robe
rPois   ∞          Reflect  .    (no helmet)
rElec   +          Harm     .    (no cloak)
rCorr   .          Rampage  .    f - +0 pair of gloves
Will    .....                    (no boots)
Stlth   ++                       (no amulet)
HPRegen 0.26/turn                o - ring of wizardry
MPRegen 0.13/turn                (no ring)

@: no status effects
A: sickness immunity, AC +4, negative energy resistance 1, electricity
resistance, torment resistance 1, petrification resistance
a: Evoke Blink


You were on level 4 of the Dungeon.
You visited 1 branch of the dungeon, and saw 4 of its levels.
You also visited: Sewer.

You collected 230 gold pieces.
You spent 56 gold pieces at shops.

Inventory:

Hand Weapons
 d - a +0 hand axe
 e - a +0 club
 g - a +0 flail
 l - a +0 whip
 p - a +0 antimagic broad axe
 q - the +9 dagger "Roczeo" (weapon) {flame, +Blink Str+3}
   (You found it in a sewer)

   Str:       It affects your strength (+3).
   +Blink:    It lets you blink.
 v - a +2 whip of venom
Missiles
 h - 16 poisoned darts
Armour
 a - a +0 robe (worn)
 f - a +0 pair of gloves (worn)
Jewellery
 n - an amulet of faith
 o - a ring of wizardry (left hand)
Scrolls
 s - a scroll of blinking
 u - a scroll of identify
 y - 3 scrolls of poison {unknown}
 z - a scroll of vulnerability {unknown}
Potions
 b - 2 potions of magic
 c - 2 potions of heal wounds
 i - 3 potions of might
 j - a potion of curing
 k - a potion of lignification {unknown}
 m - a potion of brilliance {unknown}
 r - a potion of flight {unknown}
 t - 2 potions of mutation {unknown}
 w - a potion of berserk rage {unknown}
 x - a potion of degeneration {unknown}


   Skills:
 + Level 1.7 Fighting
 + Level 1.4 Short Blades
 - Level 3.4 Maces & Flails
 - Level 1.5 Dodging
 - Level 2.1 Stealth
 + Level 4.3 Spellcasting
 - Level 0.7 Transmutations
 + Level 6.3 Earth Magic


You had 10 spell levels left.
You knew the following spells:

 Your Spells              Type           Power      Damage    Failure   Level
a - Sandblast             Erth           52%        2d12      1%          1
b - Stone Arrow           Conj/Erth      30%        3d8       4%          3

Your spell library contained the following spells:

 Spells                   Type           Power      Damage    Failure   Level
 Passwall                 Tmut/Erth      13%        N/A       1%          2
 Beastly Appendage        Tmut           12%        N/A       4%          1
 Magic Dart               Conj           12%        1d3       6%          1
 Wereblood                Tmut           6%         N/A       6%          2
 Blink                    Tloc           6%         N/A       9%          2
 Call Imp                 Summ           3%         N/A       9%          2
 Lesser Beckoning         Tloc           6%         N/A       9%          2
 Momentum Strike          Conj/Tloc      6%         3d8       9%          2
 Petrify                  Tmut/Erth      16%        N/A       13%         4
 Dazzling Flash           Conj/Hex       6%         N/A       16%         3
 Mephitic Cloud           Conj/Pois/Air  3%         N/A       16%         3
 Spider Form              Tmut/Pois      5%         N/A       16%         3
 Iskenderun's Mystic Bla  Conj/Tloc      3%         2d3       45%         4
 Starburst                Conj/Fire      1%         6d3       100%        6


Dungeon Overview and Level Annotations

Branches:
Dungeon (4/15)              Sewer (visited)
 Temple: D:4-7

Altars:
Cheibriados
Xom

Shops:
D:2 ?


Innate Abilities, Weirdness & Mutations

You are immune to sickness and miasma.
Your stone body is resilient. (AC +4)
You are immune to poison.
You resist negative energy. (rN+)
You are resistant to electric shocks. (rElec)
You are resistant to unholy torment.
You are immune to petrification.


Message History

The blast of sand hits the orc!!
You kill the orc!
The jelly barely misses you. The orc hits you but does no damage.
The blast of sand hits the jelly!
The jelly is severely wounded.
The jelly hits you but does no damage. The orc hits you but does no damage.
The jelly hits you but does no damage. The orc hits you but does no damage.
You miscast Sandblast.
You are very lightly contaminated with residual magic.
Nothing appears to happen.
The jelly hits you.
You are splashed with acid!
The orc closely misses you.
You puncture the orc! You burn the orc.
You kill the orc!
The jelly hits you but does no damage.
You puncture the jelly! You burn the jelly.
You kill the jelly!
You hit the hobgoblin. You burn the hobgoblin.
The hobgoblin is almost dead.
The hobgoblin closely misses you.
You hit the hobgoblin. You burn the hobgoblin.
You kill the hobgoblin!
The orc barely misses you.
You puncture the orc! You burn the orc.
You kill the orc!
Your magical contamination has completely faded away.
An ogre comes into view. It is wielding a +0 giant club.
Found a twisted ivory wand.
Items here: )))) [ †††.
The blast of sand hits the ogre.
The ogre is lightly wounded.
The ogre shouts!
The blast of sand hits the ogre!
The ogre is severely wounded.
The ogre hits you with a +0 giant club!
* * * LOW HITPOINT WARNING * * *
You are too injured to fight recklessly!
You barely miss the ogre.
The ogre is severely wounded.
The ogre hits you with a +0 giant club!
You die...

#)..<##... #.
#...##......+######
###.##...##..###..
............ ...
..........# ...#.
.......... ....#?
../...... #o..##..
.......O# .###
########@# ...#
#.....#).#†..?#
#.....#..!...#
#.....'....###
#.....#........
#....<#...##.).
#.....#...# ...#
#.....#.........
#.....#.........


You could see an ogre.

Vanquished Creatures
  2 bullfrogs (Sewer)
  2 jellies
  An orc priest (D:4)
  A hound (D:4)
  An iguana (D:4)
  7 gnolls
  11 adders
  A worm (D:2)
  2 dart slugs
  7 orcs (D:4)
  17 endoplasms
  16 giant cockroaches
  6 hobgoblins
  8 jackals
  5 kobolds
  10 quokkas
  13 ball pythons
  5 bats
  9 frilled lizards
  7 goblins
  4 rats
135 creatures vanquished.

Notes
Turn   | Place    | Note
-------+----------+-------------------------------------------
     0 | D:1      | cheesebisquit the Gargoyle Earth Elementalist began the
                  | quest for the Orb.
     0 | D:1      | Reached XP level 1. HP: 10/10 MP: 3/3
     2 | D:1      | Noticed a formicid
     2 | D:1      | Noticed a draconian
     4 | D:1      | Noticed a merfolk
     4 | D:1      | Noticed a demigod
     6 | D:1      | Noticed an elf
     6 | D:1      | Noticed a felid
     9 | D:1      | Noticed a gargoyle
    11 | D:1      | Noticed an ogre
    11 | D:1      | Noticed a demonspawn
    13 | D:1      | Noticed a troll
    13 | D:1      | Noticed a tengu
    15 | D:1      | Noticed a spriggan
    17 | D:1      | Noticed an armataur
    17 | D:1      | Noticed a vine stalker
    19 | D:1      | Noticed an octopode
    19 | D:1      | Noticed a vampire
    21 | D:1      | Noticed a ghoul
    21 | D:1      | Noticed a meteoran
    23 | D:1      | Noticed a naga
    23 | D:1      | Noticed a minotaur
    26 | D:1      | Noticed an elf
    26 | D:1      | Noticed a human
    28 | D:1      | Noticed a vine stalker
    28 | D:1      | Noticed a ghoul
    80 | D:1      | Found Meodwaar's Armour Shop.
   142 | D:1      | Reached XP level 2. HP: 15/15 MP: 1/5
   189 | D:1      | Reached skill level 4 in Earth Magic
   940 | D:2      | Reached skill level 1 in Maces & Flails
   940 | D:2      | Reached XP level 3. HP: 18/19 MP: 3/6
  1174 | D:2      | Reached XP level 4. HP: 18/24 MP: 5/8
  1302 | D:2      | Found a faded altar of an unknown god.
  1387 | D:2      | Found The Oracle's Delphic Readings.
  1408 | D:2      | Bought a scroll of identify for 28 gold pieces
  1408 | D:2      | Bought a scroll of identify for 28 gold pieces
  1870 | D:2      | Reached XP level 5. HP: 28/28 MP: 7/9
  1894 | D:2      | Reached skill level 5 in Earth Magic
  1992 | D:2      | You fall into a shaft and drop 2 floors!
  1997 | D:4      | Learned a level 3 spell: Stone Arrow
  2017 | D:4      | Found a glowing drain.
  2037 | Sewer    | Entered a sewer
  2444 | Sewer    | Reached XP level 6. HP: 28/32 MP: 7/11
  2710 | Sewer    | Identified the +9 dagger "Roczeo" {flame, +Blink Str+3}
  2775 | D:4      | Found a snail-covered altar of Cheibriados.
  2809 | D:4      | Reached skill level 6 in Earth Magic
  3255 | D:3      | Found a shimmering altar of Xom.
  3562 | D:3      | Reached XP level 7. HP: 37/37 MP: 9/13
  3747 | D:3      | Reached skill level 1 in Fighting
  3962 | D:3      | Reached skill level 1 in Short Blades
  4480 | D:4      | Mangled by an ogre

Illustrated notes

Levels and vault maps discovered:
D:1:      kb_arrival_jail, layout_rooms, serial_shops, shop
D:2:      layout_basic, ebering_ecumenical_altar_sacrificial,
          nicolae_nh_oracle_at_delphi
D:3:      layout_basic, mainiacjoe_overflow_concentric_impassable
D:4:      layout_gridville, lemuel_round_altar, portal_sewer_entry_f,
          minmay_bent

Skill      XL: |  1  2  3  4  5  6  7 |
---------------+----------------------+-----
Earth Magic    | 4 5 6 |  6.3
Maces & Flails | 1 2 3 |  3.4
Spellcasting   | 3 4 |  4.3
Fighting       | 1 |  1.7
Short Blades   | 1 |  1.4
Dodging        | |  1.5
Stealth        | |  2.1
Transmutations | |  0.7

Action                     |  1- 3 |  4- 6 |  7- 9 || total
---------------------------+-------+-------+-------++-------
  Melee: Unarmed           |    10 |       |       ||    10
         Whip              |       |     3 |       ||     3
         Dagger            |       |     5 |     6 ||    11
   Cast: Sandblast         |    38 |   119 |    34 ||   191
    Use: Scroll            |       |     3 |       ||     3
         Potion            |       |     1 |       ||     1
 Armour: Robe              |     5 |    16 |     8 ||    29
  Dodge: Dodged            |    24 |    23 |    16 ||    63

Table legend: (Time is in decaauts)
 A = Elapsed time spent in this place.
 B = Non-inter-level travel time spent in this place.
 C = Inter-level travel time spent in this place.
 D = Time resting spent in this place.
 E = Time spent auto-exploring this place.
 F = Levels seen in this place.
 G = Mean time per level.
                   A        B        C        D        E       F      G
               +--------+--------+--------+--------+--------+-----+--------+
         Total |   4641 |   4503 |    138 |    179 |   3543 |   5 |  928.2 |
       Dungeon |   3852 |   3714 |    138 |    179 |   2955 |   4 |  963.0 |
         Sewer |    788 |    788 |      0 |      0 |    587 |   1 |  788.0 |
               +--------+--------+--------+--------+--------+-----+--------+

Top non-repeatable levels by time:
     D:2: 1191 daAuts
     D:3: 1129 daAuts
     D:1: 1100 daAuts
   Sewer: 788 daAuts
     D:4: 431 daAuts
